 Dungeon Crawl Stone Soup version 0.30-a0-715-gdb4ae3ece1 (webtiles) character file.

Game seed: 3741390591705448364

3374 qeuew the Cleaver (level 10, 0/96 HPs)
             Began as a Hill Orc Fighter on Jan 23, 2023.
             Was an Elder of Trog.
             Incinerated by a deep elf pyromancer (5 damage)
             ... with a sticky flame
             ... on level 8 of the Dungeon.
             The game lasted 00:08:13 (8038 turns).

qeuew the Cleaver (Hill Orc Fighter)                Turns: 8038, Time: 00:08:14

Health: 0/96       AC: 13    Str: 22    XL:     10   Next: 3%
Magic:  10/10      EV: 11    Int:  6    God:    Trog [****..]
Gold:   525        SH:  5    Dex: 12    Spells: 9/9 levels left

rFire   . . .      SeeInvis .    a - +1 war axe
rCold   . . .      Faith    .    c - +0 buckler
rNeg    . . .      Spirit   .    b - +0 scale mail
rPois   +          Reflect  .    (no helmet)
rElec   .          Harm     .    (no cloak)
rCorr   .          Rampage  .    h - +0 pair of gloves
Will    +....                    (no boots) Stlth
                                 (no amulet)
HPRegen 0.36/turn                i - +4 ring of protection
MPRegen 0.12/turn                s - ring of willpower

@: on fire, glowing, studying Axes
A: dopey 1, poison resistance, robust 1
a: Renounce Religion, Berserk, Trog's Hand, Brothers in Arms


You were on level 8 of the Dungeon.
You worshipped Trog.
Trog was greatly pleased with you.
You visited 2 branches of the dungeon, and saw 9 of its levels.
You also visited: Sewer.

You collected 525 gold pieces.

Inventory:

Hand Weapons
 a - a +1 war axe (weapon)
Armour
 b - a +0 scale mail (worn)
 c - a +0 buckler (worn)
 h - a +0 pair of gloves (worn)
Jewellery
 i - a +4 ring of protection (left hand)
 s - a ring of willpower (right hand)
Wands
 k - a wand of digging (6)
 m - a wand of polymorph (15)
 o - a wand of charming (12)
 r - a wand of mindburst (18)
Scrolls
 e - a scroll of enchant weapon
 g - a scroll of fog
 j - 2 scrolls of teleportation
 q - a scroll of enchant armour
 v - 3 scrolls of identify
Potions
 l - a potion of mutation
 n - a potion of flight {unknown}
 p - 5 potions of might
 t - 2 potions of cancellation
 u - a potion of invisibility
 w - a potion of attraction {unknown}


   Skills:
 + Level 7.7 Fighting
 + Level 8.1 Axes
 + Level 7.0 Armour
 + Level 4.5 Dodging
 + Level 7.1 Shields
 + Level 5.2 Evocations


You had 9 spell levels left.
You didn't know any spells.
Your spell library was empty.

Dungeon Overview and Level Annotations

Branches:
Dungeon (8/15)             Temple (1/1) D:4           Sewer (visited)
   Lair: D:8-11

Altars:
Ashenzari
Dithmenos
Elyvilon
Fedhas
Gozag
Hepliaklqana
Kikubaaqudgha
Makhleb
Nemelex Xobeh
Okawaru
Qazlal
Ru
Sif Muna
Trog
Uskayaw
Vehumet
Wu Jian
Xom
Yredelemnul
Zin
The Shining One

Annotations:
D:8 4 runed translucent doors


Innate Abilities, Weirdness & Mutations

You are dopey. (Int -2)
Your system is resistant to poisons. (rPois)
You are robust. (+10% HP)


Message History

You block the fire elemental's attack.
The deep elf pyromancer hits you but does no damage.
The fire elemental hits you. The fire elemental burns you!
You closely miss the deep elf pyromancer.
The deep elf pyromancer is heavily wounded.
You closely miss the fire elemental. The fire elemental barely misses you.
The deep elf pyromancer gestures at you while chanting.
The bolt of fire hits you!
The bolt of fire hits the fire elemental.
The fire elemental completely resists.
You hit the deep elf pyromancer but do no damage.
The deep elf pyromancer is heavily wounded.
You hit the fire elemental. The fire elemental hits you.
The fire elemental burns you!
* * * LOW HITPOINT WARNING * * *
The deep elf pyromancer hits you but does no damage.
You barely miss the deep elf pyromancer.
The deep elf pyromancer is heavily wounded.
You hit the fire elemental. The fire elemental hits you.
The fire elemental burns you!
* * * LOW HITPOINT WARNING * * *
The deep elf pyromancer casts a spell at you.
The sticky flame hits you!
You are covered in liquid flames!
* * * LOW HITPOINT WARNING * * *
The fire elemental hits you. The fire elemental burns you!
* * * LOW HITPOINT WARNING * * *
You feel much better.
You are covered in liquid flames!
* * * LOW HITPOINT WARNING * * *
The fire elemental hits you. The fire elemental burns you!
* * * LOW HITPOINT WARNING * * *
The deep elf pyromancer mumbles some strange words.
The deep elf pyromancer blinks!
Okay, then.
Blink to where?
Press: ? - help, Dir - move target
As you read the scroll of blinking, it crumbles to dust.
You are covered in liquid flames!
You die...

.# #.........)))))# #.....#
.#
#..#.###...###.#####.....#
.### #..#.# #...#
#............ ...#
###..#.###...###>#####......
##.# #.....†..........##
#.#.....
##.###.#.######........##
#...... #.......#
#..######..# ##.....
#####.### #.##†e§E##.#
###.##
#.#######.#@####E#.######.#
#.........#..#.# #[.......#
##..##++##.'.#.## #...####.#
####..##8.u8####### #...#
#.# #.....#8....8# ##.###
#.# #####..#!....:# #..# #.#
.<.....#}.....# #..# #.#
#####..#8....8# ##.# #.#
#..##8..8### #.# #.#


You could see a deep elf pyromancer and a fire elemental (summoned).

Vanquished Creatures
  2 humans (D:7)
  A steam dragon (D:6)
  An acid dragon (D:8)
  3 water moccasins
  2 sky beasts (D:6)
  2 orc warriors (D:7)
  An ogre (D:6)
  2 black bears
  3 centaurs
  A kobold brigand (D:8)
  6 bullfrogs
  Blork the orc (D:5)
  3 scorpions
  3 wights (D:5)
  3 jellies
  A hound (D:6)
  2 orc priests
  2 gnoll boudas
  7 iguanas
  4 orc wizards (D:8)
  9 gnolls
  8 adders
  A shadow imp (D:8)
  2 white imps
  2 ufetubi
  5 worms
  2 dart slugs
  17 orcs
  5 ball pythons
  3 bats
  6 endoplasms
  11 giant cockroaches
  4 goblins
  11 hobgoblins
  3 jackals (D:2)
  7 quokkas
  3 frilled lizards
  13 kobolds
  3 rats
165 creatures vanquished.

Notes
Turn   | Place    | Note
-------+----------+-------------------------------------------
     0 | D:1      | qeuew the Hill Orc Fighter began the quest for the Orb.
     0 | D:1      | Reached XP level 1. HP: 19/19 MP: 1/1
   466 | D:1      | Found a faded altar of an unknown god.
   543 | D:1      | Reached XP level 2. HP: 22/27 MP: 2/2
   700 | D:1      | Gained mutation: Your system is resistant to poisons.
                  | (rPois) [potion of mutation]
   700 | D:1      | Gained mutation: You are dopey. (Int -2) [potion of
                  | mutation]
   700 | D:1      | Gained mutation: You are robust. (+10% HP) [potion of
                  | mutation]
   861 | D:2      | Reached skill level 3 in Axes
   912 | D:2      | Found a bloodstained altar of Trog.
   990 | D:2      | Became a worshipper of Trog the Wrathful
  1053 | D:2      | Reached XP level 3. HP: 35/36 MP: 3/3
  1240 | D:2      | Identified the +2 rapier "Lefuojo" {venom, MP+9 Int+4
                  | Dex+2}
  1391 | D:2      | Reached skill level 1 in Dodging
  1795 | D:3      | Reached * piety under Trog
  1820 | D:3      | Reached XP level 4. HP: 44/44 MP: 4/4
  2007 | D:3      | Noticed a scorpion
  2018 | D:3      | Killed a scorpion
  2019 | D:3      | Reached XP level 5. HP: 45/51 MP: 5/5
  2358 | D:4      | Found a staircase to the Ecumenical Temple.
  2363 | D:4      | Reached skill level 1 in Evocations
  2382 | Temple   | Entered the Ecumenical Temple
  2706 | D:4      | Found a hide-covered altar of Uskayaw.
  2783 | D:4      | Reached skill level 4 in Axes
  2799 | D:4      | Reached XP level 6. HP: 17/58 MP: 6/6
  3238 | D:5      | Entered Level 5 of the Dungeon
  3352 | D:5      | Found an ornate altar of the Wu Jian Council.
  3380 | D:5      | Found a glowing drain.
  3401 | D:5      | Reached ** piety under Trog
  3407 | Sewer    | Entered a sewer
  3783 | Sewer    | Reached skill level 5 in Fighting
  3935 | Sewer    | Reached XP level 7. HP: 62/67 MP: 7/7
  4438 | D:5      | Reached skill level 5 in Axes
  4449 | D:5      | Reached skill level 5 in Shields
  4673 | D:5      | Found a hazy altar of Hepliaklqana.
  4793 | D:5      | Noticed Blork the orc
  4801 | D:5      | Killed Blork the orc
  4802 | D:5      | Reached skill level 5 in Armour
  4969 | D:5      | Reached XP level 8. HP: 58/77 MP: 8/8
  5128 | D:6      | Reached skill level 6 in Axes
  5307 | D:6      | Found a basalt altar of Yredelemnul.
  5413 | D:6      | Reached XP level 9. HP: 31/85 MP: 9/9
  5796 | D:6      | Found a glowing golden altar of the Shining One.
  5799 | D:6      | Reached *** piety under Trog
  5822 | D:6      | Found a white marble altar of Elyvilon.
  5899 | D:6      | Found a broken altar of Ashenzari.
  5902 | D:6      | Found a sacrificial altar of Ru.
  5903 | D:6      | Found a shimmering altar of Xom.
  5903 | D:6      | Found a blossoming altar of Fedhas.
  5903 | D:6      | Found a radiant altar of Vehumet.
  5903 | D:6      | Found an ancient bone altar of Kikubaaqudgha.
  5904 | D:6      | Found a burning altar of Makhleb.
  6222 | D:7      | Reached skill level 7 in Axes
  6577 | D:7      | Found an iron altar of Okawaru.
  7453 | D:8      | Found a large runed translucent door.
  7465 | D:8      | Found a large runed translucent door.
  7518 | D:8      | Reached skill level 5 in Evocations
  7713 | D:8      | Found a large runed translucent door.
  7713 | D:8      | Found a large runed translucent door.
  7719 | D:8      | Noticed a red ugly thing
  7719 | D:8      | Noticed a centaur warrior
  7859 | D:8      | Reached skill level 8 in Axes
  7859 | D:8      | Reached XP level 10. HP: 90/94 MP: 10/10
  7881 | D:8      | Reached **** piety under Trog
  8018 | D:8      | Noticed a deep elf pyromancer
  8036 | D:8      | HP: 3/96 [fire elemental[a deep elf pyromancer] (11)]
  8038 | D:8      | Incinerated by a deep elf pyromancer

Illustrated notes

Levels and vault maps discovered:
D:1:      wander_arrival_chamber, layout_basic,
          shapermc_ecumenical_altar_hornbeckon
D:2:      layout_loops_corners, basic_altar, lightli_corner_chamber
D:3:      layout_loops_ring
D:4:      layout_loops_ring, kennysheep_mini, minmay_temple_entry_mini_moons
D:5:      layout_loops_ring, nzn_hepliaklqana_mist_gate,
          nzn_wu_jian_contemplation, gup_sewer_entry_glass, uniq_blork_the_orc
D:6:      layout_cave_pods, amcnicky_altar_gilded, minitemple
D:7:      layout_basic, okawaru_humans, grunt_ministairs_14
D:8:      layout_loops_ring, lemuel_round_altar, minmay_hollow_rounded_squares,
          uniq_erica
Temple:   nicolae_temple_ecumenical_triangle

Skill      XL: |  1  2  3  4  5  6  7  8  9 |
---------------+----------------------------+-----
Axes           | 3 4 5 6 8 |  8.1
Fighting       | 4 5 6 7 |  7.7
Dodging        | 1 2 3 4 |  4.5
Armour         | 4 5 7 |  7.0
Shields        | 4 5 6 7 |  7.1
Evocations     | 1 2 3 4 5 |  5.2

Action                     |  1- 3 |  4- 6 |  7- 9 | 10-12 || total
---------------------------+-------+-------+-------+-------++-------
  Melee: War axe           |   104 |   146 |   261 |    37 ||   548
  Throw: Throwing net      |       |     2 |       |       ||     2
 Invoke: Berserk           |       |       |     1 |       ||     1
    Use: Scroll            |     7 |     3 |     5 |     1 ||    16
         Potion            |     3 |     5 |     3 |     1 ||    12
 Armour: Scale mail        |    43 |    51 |   156 |    20 ||   270
  Dodge: Dodged            |    44 |    93 |   170 |    11 ||   318
  Block: Buckler           |    31 |    30 |    89 |     9 ||   159

Table legend: (Time is in decaauts)
 A = Elapsed time spent in this place.
 B = Non-inter-level travel time spent in this place.
 C = Inter-level travel time spent in this place.
 D = Time resting spent in this place.
 E = Time spent auto-exploring this place.
 F = Levels seen in this place.
 G = Mean time per level.
                   A        B        C        D        E       F      G
               +--------+--------+--------+--------+--------+-----+--------+
         Total |   8289 |   8112 |    177 |     48 |   6764 |  10 |  828.9 |
       Dungeon |   7369 |   7197 |    172 |     48 |   6033 |   8 |  921.1 |
        Temple |     48 |     43 |      5 |      0 |     38 |   1 |   48.0 |
         Sewer |    871 |    871 |      0 |      0 |    693 |   1 |  871.0 |
               +--------+--------+--------+--------+--------+-----+--------+

Top non-repeatable levels by time:
     D:7: 1317 daAuts
     D:6: 1108 daAuts
     D:5: 1085 daAuts
     D:2: 942 daAuts
     D:4: 889 daAuts
   Sewer: 871 daAuts
     D:1: 719 daAuts
     D:3: 712 daAuts
     D:8: 595 daAuts
  Temple: 48 daAuts
